[Event "Early-Titled-Tuesday-Blitz-February-20-2024"]
[Site "Chess.com"]
[Date "2024.02.20"]
[Round "2"]
[White "50Tugrik"]
[Black "FaustinoOro"]
[Result "0-1"]
[WhiteElo "2407"]
[BlackElo "2904"]
[TimeControl "180+1"]
[EndTime "8:17:54 PST"]
[Termination "FaustinoOro won by checkmate"]

1. Nf3 d5 2. b3 Nf6 3. Bb2 Bf5 4. g3 e6 5. Bg2 h6 6. c4 c6 7. d3 Be7 8. O-O O-O 9. Nc3 Nbd7 10. cxd5 exd5 11. Re1 Bh7 12. e4 Nc5 13. b4 dxe4 14.
bxc5 exf3 15. Bxf3 Bxc5 16. Ne4 Bd4 17. Rb1 Bxb2 18. Rxb2 Rb8 19. Qa4 a6 20. Nc5 Re8 21.
Rxe8+ Qxe8 22. Rxb7 Rxb7 23. Nxb7 Qe1+ 24. Kg2 Bxd3 25. Qd1 Qc3 26. Nc5 Bc4 27. a4 Bd5 28. Nxa6 Qc4 29. Nb8 c5 30. a5 Qa2 31. a6 Ng4 32. Bxd5 Qxf2+ 33. Kh3 h5 34. Bg2 Qf5 35. Qd8+ Kh7 36. Kh4 Ne3 37. Qg5 Nxg2+ 38. Kxh5 g6# 0-1

[Event "Early-Titled-Tuesday-Blitz-February-20-2024"]
[Site "Chess.com"]
[Date "2024.02.20"]
[Round "2"]
[White "RamyresCoelho"]
[Black "Bilan_Danila"]
[Result "1-0"]
[WhiteElo "2248"]
[BlackElo "2486"]
[TimeControl "180+1"]
[EndTime "8:17:54 PST"]
[Termination "RamyresCoelho won on time"]

1. e4 c6 2. d4 d5 3. Nc3 b5 4. e5 Bf5 5. Bd3 g6 6. Bxf5 gxf5 7.
Qd3 e6 8. Nf3 Ne7 9. Bg5 Nd7 10.
a4 b4 11. Ne2 a5 12. Nf4 Qb6 13. O-O Ng6 14. Nh5 h6 15. Bf6 Rg8 16. Kh1 Be7 17. Bxe7 Nxe7 18. Qe3 Rh8 19. c3 c5 20. cxb4 axb4 21.
dxc5 Qxc5 22. Qf4 Qc4 23. Qd2 Ng6 24. Rfc1 Qg4 25. Nf6+ Nxf6 26. exf6 Nf4 27. Rg1 Rb8 28. Ne5 Qg5 29. Rac1 Ng6 30. Qxb4 Rd8 31. Qb5+ Kf8 32.
Nd7+ Kg8 33. Rc7 Kh7 34. Qb7 Nf4 35. Ne5 Rhf8 36. Rxf7+ 1-0

[Event "Early-Titled-Tuesday-Blitz-February-20-2024"]
[Site "Chess.com"]
[Date "2024.02.20"]
[Round "2"]
[White "ChEsper99"]
[Black "Atousa"]
[Result "1-0"]
[WhiteElo "2195"]
[BlackElo "2463"]
[TimeControl "180+1"]
[EndTime "8:17:54 PST"]
[Termination "ChEsper99 won on time"]

1. e4 c5 2. Nf3 e6 3. c3 Nf6 4.
e5 Nd5 5. d4 cxd4 6. cxd4 d6 7.
Bc4 Nc6 8. O-O Be7 9. Qe2 O-O 10. Rd1 Bd7 11. a3 Rc8 12. Bd3 Qc7 13. Bd2 Rfd8 14. Nc3 Nxc3 15. Bxc3 d5 16. Rac1 Be8 17. Bd2 Qb6 18. Be3 Na5 19. b4 Nc4 20. Bxc4 dxc4 21.
d5 Qa6 22. d6 Bf8 23. Qb2 Qb5 24. Qd4 Bc6 25. Qxc4 Qa4 26. Qd3 g6 27. Bg5 Rd7 28. Nd4 a6 29. Nxc6 Rxc6 30. Rxc6 Qxc6 31. Rc1 Qa4 32.
Rc8 f5 33. Be7 a5 34. Rxf8+ Kg7 35. h4 axb4 36. axb4 Qa1+ 37. Kh2 Qxe5+ 38. Qg3 Qe4 39. Qg5 Qxb4 40. Qf6+ Kh6 41. Qg5+ Kg7 42. h5 1-0

[Event "Early-Titled-Tuesday-Blitz-February-20-2024"]
[Site "Chess.com"]
[Date "2024.02.20"]
[Round "2"]
[White "Dixit_Nikhil"]
[Black "Anton_Demchenko"]
[Result "0-1"]
[WhiteElo "2608"]
[BlackElo "2913"]
[TimeControl "180+1"]
[EndTime "8:17:55 PST"]
[Termination "Anton_Demchenko won by resignation"]

1. e4 e5 2. Nf3 Nc6 3. Nc3 Nf6 4. d4 exd4 5. Nxd4 Bb4 6. Nxc6 bxc6 7. Bd3 O-O 8. O-O Re8 9. Bg5 Qe7 10. Qf3 Qe5 11. Bf4 Qa5 12. e5 Bxc3 13. bxc3 Nd5 14. Bg3 Qxc3 15. Rae1 Rb8 16. Re4 Rb4 17. Rxb4 Qxb4 18. h4 d6 19. c4 Ne7 20. exd6 cxd6 21. Qe3 Be6 22. Qxa7 Nf5 23. Bxf5 Bxf5 24. Rd1 Qxc4 25. Rxd6 h6 26. Kh2 Be6 27. Qa5 Bd5 28. Rd8 Rxd8 29.
Qxd8+ Kh7 30. Qe7 Qxa2 31. Qe5 Qb1 32. f3 Qc2 33. Qf4 c5 34. Be1 c4 35. Bb4 c3 36. Bxc3 f6 37. Bd4 Bc4 38. Bg1 Bd3 39.
Qg3 Bf1 40. Bd4 Qd2 41. Qf2 Qd1 42. Qg3 Qxd4 43. h5 Bd3 44. Qc7 Qe5+ 0-1

[Event "Early-Titled-Tuesday-Blitz-February-20-2024"]
[Site "Chess.com"]
[Date "2024.02.20"]
[Round "2"]
[White "SirGerhard"]
[Black "JonSnowNW1"]
[Result "1-0"]
[WhiteElo "2760"]
[BlackElo "2434"]
[TimeControl "180+1"]
[EndTime "8:17:55 PST"]
[Termination "SirGerhard won by checkmate"]

1. d4 d5 2. c4 c6 3. Nf3 Nf6 4. Nc3 e6 5. Bg5 Nbd7 6. e3 Qa5 7. cxd5 exd5 8. Qc2 Ne4 9. Bd3 Nxg5 10. Nxg5 h6 11.
Nf3 Nf6 12. O-O Bd6 13. Rfe1 O-O 14. h3 Bd7 15. Bf5 Qd8 16. Bxd7 Qxd7 17. Rab1 Rae8 18. Nd2 Bb8 19. b4 Qd6 20. Nf1 a6 21. a4 Rc8 22.
Qd3 Rfe8 23. f3 Nh5 24. Red1 Ng3 25. f4 Ne4 26. Nxe4 Rxe4 27. Nd2 Re7 28. Nf3 Rce8 29. Re1 Re4 30. Nd2 R4e7 31. Nf3 f6 32. Nh4 Re4 33. b5 axb5 34. axb5 c5 35. dxc5 Qxc5 36.
Nf5 Bxf4 37. Rbc1 Rc4 38. Rcd1 Bb8 39. Qxd5+ Qxd5 40. Rxd5 Rb4 41. Rd7 Rxb5 42. Nxg7 Rc8 43. g4 Rb2 44. Nh5 Be5 45. Red1 Rcc2 46. Rd8+ Kf7 47.
R1d7+ Ke6 48. Ng7# 1-0

[Event "Early-Titled-Tuesday-Blitz-February-20-2024"]
[Site "Chess.com"]
[Date "2024.02.20"]
[Round "2"]
[White "maciek_92"]
[Black "ACollins05"]
[Result "1/2-1/2"]
[WhiteElo "2806"]
[BlackElo "2571"]
[TimeControl "180+1"]
[EndTime "8:17:56 PST"]
[Termination "Game drawn by repetition"]

1. c4 e6 2. Nf3 d5 3. g3 Nf6 4. Bg2 dxc4 5. O-O a6 6. a4 Nc6 7. Na3 Na5 8. d3 cxd3 9. Bd2 Nc6 10. Nc4 Bd6 11. Bc3 O-O 12. Qxd3 Nd5 13. Rfd1 Ncb4 14.
Bxb4 Nxb4 15. Qb3 a5 16. e4 Qe8 17. Nxd6 cxd6 18. Rxd6 Bd7 19. Ne5 Bc6 20. Nxc6 bxc6 21. Qc3 Rd8 22. e5 Rxd6 23. exd6 Qd7 24. Qc5 Rd8 25.
Rd1 Nd5 26. Qxa5 Qxd6 27. b4 Rb8 28. b5 cxb5 29. axb5 Qc5 30. Bxd5 exd5 31. Rb1 Qc2 32. Re1 Qc5 33. Qa4 g6 34. Rb1 Qc4 35. Qa5 Qc2 36.
Qa1 Qc5 37. Qb2 d4 38. Rc1 Rxb5 39. Qd2 Qd5 40. Rd1 h5 41. h4 Kg7 42. Qd3 Rb3 43. Qxd4+ Qxd4 44. Rxd4 Rb5 45. Kg2 Rf5 46. Rd7 Kf6 47.
f3 Re5 48. Kf2 Re7 49. Rd2 Ke6 50. Ke3 Kf6+ 51. Kf4 Ra7 52. Rd6+ Kg7 53. Rd4 Re7 54. Rc4 Ra7 55. g4 hxg4 56. fxg4 Ra1 57. Rc7 Ra4+ 58. Kf3 Ra3+ 59. Kf4 Ra4+ 60. Kg5 Ra5+ 61. Kf4 Ra4+ 1/2-1/2

[Event "Early-Titled-Tuesday-Blitz-February-20-2024"]
[Site "Chess.com"]
[Date "2024.02.20"]
[Round "2"]
[White "Perecke"]
[Black "cukin84"]
[Result "1-0"]
[WhiteElo "2509"]
[BlackElo "2246"]
[TimeControl "180+1"]
[EndTime "8:17:59 PST"]
[Termination "Perecke won by resignation"]

1. d4 f5 2. Bg5 h6 3. Bh4 g5 4.
Bg3 Nf6 5. e3 d6 6. c4 Bg7 7. Nc3 O-O 8. h4 g4 9. Nge2 Nh5 10. Bh2 c6 11. Nf4 Nxf4 12. Bxf4 e5 13. dxe5 dxe5 14. Qxd8 Rxd8 15. Bh2 Na6 16. Be2 Nb4 17.
O-O Be6 18. Rad1 Bf6 19. a3 Na6 20. b4 Kf7 21. f3 h5 22. fxg4 hxg4 23. Bxg4 Kg6 24.
Be2 e4 25. Na4 Bxh4 26. b5 Nb8 27. Rxd8 Bxd8 28. Nc5 Bc8 29. Rd1 Bg5 30. Rd6+ Kf7 31. Kf2 Ke7 32. Be5 Nd7 33. Nxd7 Bxd7 34. Rg6 Bh4+ 35.
g3 Be8 36. Rg7+ Ke6 37. gxh4 Kxe5 38. Rxb7 cxb5 39. cxb5 Rc8 40. a4 Rc2 41. Re7+ Kf6 42. Rxe8 Kg6 43. Re7 Kf6 44. Rxa7 Ke5 45. b6 Rb2 46. b7 f4 47. Ra5+ Kd6 48. Rb5 fxe3+ 49. Kxe3 1-0

[Event "Early-Titled-Tuesday-Blitz-February-20-2024"]
[Site "Chess.com"]
[Date "2024.02.20"]
[Round "2"]
[White "Chessdreamer2020"]
[Black "GoltsevDmitry2000"]
[Result "0-1"]
[WhiteElo "2552"]
[BlackElo "2784"]
[TimeControl "180+1"]
[EndTime "8:18:00 PST"]
[Termination "GoltsevDmitry2000 won by resignation"]

1. e4 e6 2. b3 d5 3. Bb2 Nc6 4. Nc3 Nf6 5. exd5 exd5 6. Nf3 Bd6 7. Bb5 O-O 8. O-O a6 9. Bxc6 bxc6 10. h3 Bf5 11. Ne2 Re8 12. Ng3 Bg6 13. Nd4 Qd7 14. Qf3 c5 15. Ndf5 Bxg3 16. fxg3 Ne4 17. Nxg7 Nxd2 18.
Qf6 d4 19. Nxe8 Rxe8 20. Rfe1 Ne4 21. Qf4 Qd6 22. Kh2 h5 23. Re2 Re6 24. Rae1 Kh7 25. Bc1 a5 26. Qh6+ Kg8 27. Bf4 Qc6 28. Bc1 a4 29.
Qf4 axb3 30. axb3 Qd6 31. Bd2 Qxf4 32. Bxf4 c6 33. g4 hxg4 34. hxg4 Kg7 35. g3 Re8 36. Kg2 Re6 37. Kf3 Nc3 38. Rxe6 fxe6 39. Rxe6 Bxc2 40. Be5+ Kf7 41. Rf6+ Ke7 42. g5 Bxb3 43.
Bd6+ Kd7 44. Bxc5 Bd5+ 45. Kf4 d3 46. Be3 Ne2+ 47. Ke5 c5 48. Rd6+ Ke7 49. Rxd5 c4 50.
Rc5 c3 51. Rc7+ Kd8 52. Ke6 Kxc7 53. g6 d2 54. Bxd2 cxd2 55. g7 d1=Q 56. g8=Q Qb3+ 57. Kf6 Qxg8 58. Kf5 Nxg3+ 59. Kf4 Nh5+ 0-1

[Event "Early-Titled-Tuesday-Blitz-February-20-2024"]
[Site "Chess.com"]
[Date "2024.02.20"]
[Round "2"]
[White "agvega14"]
[Black "ATM622"]
[Result "0-1"]
[WhiteElo "2196"]
[BlackElo "2485"]
[TimeControl "180+1"]
[EndTime "8:18:00 PST"]
[Termination "ATM622 won by resignation"]

1. d4 Nf6 2. c4 e6 3. Nc3 Bb4 4. e3 d5 5. a3 Bxc3+ 6. bxc3 O-O 7. cxd5 exd5 8. Bd3 Bg4 9. Ne2 Nbd7 10. O-O Re8 11.
f3 Bh5 12. Nf4 Bg6 13. Nxg6 hxg6 14. Ra2 c6 15. Re2 Nf8 16. Qc2 Ne6 17. e4 Nh5 18. g3 Qc7 19. e5 c5 20. Be3 Rac8 21. Qb1 Qa5 22. Bxg6 fxg6 23. Qxg6 Nxg3 24. hxg3 Qxc3 25.
Rc1 Qxa3 26. dxc5 d4 27. Bd2 Nf8 28. Qe4 Rxc5 29. Rxc5 Qxc5 30. f4 d3+ 31. Rf2 Qc2 32.
Be3 Qd1+ 33. Rf1 Qe2 34. Rf2 Qe1+ 35. Kg2 Rd8 36. Rd2 Ne6 37. Rxd3 Qe2+ 38. Kh3 Qxd3 39.
Qxd3 Rxd3 40. Bxa7 Nxf4+ 41. Kg4 Nd5 42. e6 Nf6+ 43. Kf5 Rd5+ 44. Kg6 Kf8 45. Bb8 Ke7 0-1

[Event "Early-Titled-Tuesday-Blitz-February-20-2024"]
[Site "Chess.com"]
[Date "2024.02.20"]
[Round "2"]
[White "Pingah9"]
[Black "LaPiToB"]
[Result "1-0"]
[WhiteElo "2534"]
[BlackElo "2305"]
[TimeControl "180+1"]
[EndTime "8:18:01 PST"]
[Termination "Pingah9 won on time"]

1. e4 c6 2. Nc3 d5 3. Qf3 dxe4 4. Nxe4 Nf6 5. Bc4 Qd4 6. Nxf6+ exf6 7. Bb3 Bg4 8. Qe3+ Qxe3+ 9. fxe3 Bd6 10. Ne2 Nd7 11. h3 Bf5 12. d3 Nc5 13. e4 Bd7 14. Be3 Nxb3 15. axb3 c5 16. Kd2 Ke7 17. Rhf1 Rhd8 18. Bf4 Be5 19. Nc3 Bc6 20. g4 b5 21. Bxe5 fxe5 22.
Rf5 f6 23. g5 b4 24. Ne2 Bxe4 25. gxf6+ gxf6 26. Rf2 Bg6 27. Raf1 Rd6 28. Ke3 f5 29.
Ng1 Rad8 30. Nf3 e4 31. dxe4 fxe4 32. Ne5 Re6 33. Nc4 Rd5 34. Ra1 Rd7 35. Ra5 Rc7 36. h4 Rf6 37. Rxf6 Kxf6 38. Kf4 h5 39. Ne3 Ke6 40.
Ra6+ Kf7 41. Nd5 Rd7 42. Ne3 Kg7 43. Nc4 Rf7+ 44. Ke3 Rf3+ 45. Ke2 Rh3 46. Rxa7+ Kf6 47. Ra6+ Kf5 48. Ne3+ Kf4 49. Ng2+ Kf5 50. Rc6 Rh2 51. Kf2 Bf7 52. Rxc5+ Kg4 53. Rg5+ Kh3 54. Kg1 1-0

[Event "Early-Titled-Tuesday-Blitz-February-20-2024"]
[Site "Chess.com"]
[Date "2024.02.20"]
[Round "2"]
[White "yuriydovzik"]
[Black "ploxoi"]
[Result "0-1"]
[WhiteElo "2123"]
[BlackElo "2444"]
[TimeControl "180+1"]
[EndTime "8:18:01 PST"]
[Termination "ploxoi won on time"]

1. e4 c5 2. Nf3 e6 3. d3 Nc6 4. g3 d5 5. Qe2 Nf6 6. Bg2 g6 7. O-O Bg7 8. c3 O-O 9. a3 a5 10. a4 b6 11. Na3 Ba6 12. Nb5 h6 13. Re1 dxe4 14. dxe4 Qe7 15. h4 Rfd8 16. e5 Nd5 17. Bd2 Rac8 18. Rad1 Nc7 19. c4 Bxb5 20. axb5 Nd4 21. Nxd4 Rxd4 22. Bc3 Rxd1 23. Rxd1 Rd8 24. Bc6 Kf8 25. Rd3 f5 26. Qd2 Rxd3 27. Qxd3 g5 28. hxg5 hxg5 29. Qd6 g4 30. Kf1 Bh6 31. Ke2 Bg5 32.
Bd7 Qxd6 33. exd6 Ne8 34. Be5 Bd8 35. Bc6 Nf6 36. Ke3 Nh5 37. b3 Bg5+ 38. Ke2 Bd8 39. Kd3 Kf7 40. Bd7 Bf6 41. Ke3 Bxe5 0-1

[Event "Early-Titled-Tuesday-Blitz-February-20-2024"]
[Site "Chess.com"]
[Date "2024.02.20"]
[Round "2"]
[White "emeli_chess"]
[Black "GMAkobianSTL"]
[Result "1/2-1/2"]
[WhiteElo "2411"]
[BlackElo "2805"]
[TimeControl "180+1"]
[EndTime "8:18:02 PST"]
[Termination "Game drawn by repetition"]

1. d4 e6 2. c4 f5 3. g3 Nf6 4.
Bg2 d5 5. Nh3 c6 6. Nd2 Bd6 7.
O-O O-O 8. b3 Qe7 9. Bb2 Nbd7 10.
e3 Ne4 11. f3 Nxd2 12. Qxd2 Nf6 13. Nf2 Bd7 14. e4 Bb4 15. Qd3 fxe4 16. fxe4 Be8 17. e5 Nd7 18. Qe3 Bg6 19. Nd3 Bxd3 20. Qxd3 Rxf1+ 21. Rxf1 Rf8 22. c5 Rxf1+ 23. Bxf1 Qg5 24. Bc3 Bxc3 25. Qxc3 Nf8 26. b4 a6 27. a4 h5 28.
b5 axb5 29. axb5 h4 30. b6 hxg3 31. hxg3 Qg4 32. Kf2 Qf5+ 33. Qf3 Qc2+ 34. Qe2 Qc3 35. Qe3 Qc2+ 36. Qe2 Qg6 37. Qd3 Qh5 38. Qf3 Qh6 39.
Qf4 Qh1 40. Bg2 Qd1 41. Bh3 Qc2+ 42. Kg1 Qd3 43. Kf2 Qg6 44. Kg2 Nh7 45. Qg4 Ng5 46. Kh2 Qh6 47. Kg2 Kf7 48. Qf4+ Ke7 49. Bg4 Qg6 50. Bf3 Qc2+ 51. Kg1 Qf5 52. Qxf5 exf5 53.
Kf2 Ne6 54. Ke3 g5 55. Be2 f4+ 56. gxf4 gxf4+ 57. Kd3 Ng5 58. Bg4 Kd8 59. Bh5 Ne6 60. Bg4 Ng5 61. Bh5 Ke7 62. Bg4 Kd8 1/2-1/2

[Event "Early-Titled-Tuesday-Blitz-February-20-2024"]
[Site "Chess.com"]
[Date "2024.02.20"]
[Round "2"]
[White "Shield12"]
[Black "Kostya0705"]
[Result "1-0"]
[WhiteElo "2972"]
[BlackElo "2634"]
[TimeControl "180+1"]
[EndTime "8:18:03 PST"]
[Termination "Shield12 won on time"]

1. e4 c5 2. Nf3 e6 3. c3 d5 4.
e5 d4 5. d3 Nc6 6. g3 Nge7 7.
Bg2 Nd5 8. O-O Be7 9. c4 Nb6 10. Re1 Bd7 11. Nbd2 Qc7 12. Ne4 h6 13. h4 f5 14.
Nd6+ Bxd6 15. exd6 Qxd6 16. Bf4 Qe7 17. a3 O-O 18.
Qd2 Rae8 19. Re2 Rf7 20. Rae1 Qd8 21. Bd6 Na4 22. Qc2 Bc8 23. Qxa4 Qxd6 24. Ne5 Nxe5 25. Qxe8+ Rf8 26. Qa4 Nxd3 27. Rd1 Ne5 28. f4 Ng4 29. Bf3 d3 30. Bxg4 dxe2 31. Bxe2 Qe7 32. Qb3 e5 33. Qe3 Re8 34. fxe5 Qxe5 35. Qxe5 Rxe5 36. Rd8+ Kh7 37. Bf3 Be6 38. Re8 Kg6 39. Kf2 Kf7 40. Rb8 Bxc4 41. Rxb7+ Kf6 42. Rxa7 Bd5 43. Ra6+ Re6 44. Rxe6+ Kxe6 45. h5 Bc4 46. Ke3 Ke5 47. a4 1-0

[Event "Early-Titled-Tuesday-Blitz-February-20-2024"]
[Site "Chess.com"]
[Date "2024.02.20"]
[Round "2"]
[White "koncheto"]
[Black "Mr_November18"]
[Result "0-1"]
[WhiteElo "2427"]
[BlackElo "2117"]
[TimeControl "180+1"]
[EndTime "8:18:04 PST"]
[Termination "Mr_November18 won by resignation"]

1. e4 c5 2. Nf3 d6 3. d4 cxd4 4. Nxd4 Nf6 5. f3 g6 6. c4 Bg7 7.
Nc3 O-O 8. Be3 Nc6 9. Nc2 Be6 10. Be2 Rc8 11. O-O Ne5 12. b3 Nh5 13. Qd2 Re8 14.
Rac1 Qa5 15. Nd4 a6 16. Rfd1 Bd7 17. Nd5 Qxd2 18. Rxd2 Bc6 19. Nc3 Bd7 20. h3 Ng3 21. f4 Nxe2+ 22. Rxe2 Nc6 23. Rd2 Nxd4 24. Bxd4 e5 25.
fxe5 Bh6 26. Nd5 Bxd2 27. Nf6+ Kg7 28. Nxe8+ Bxe8 29. exd6+ Kg8 30. Rf1 Bc6 31. e5 Re8 32. Kf2 Bf4 33. Re1 f6 34. exf6 Bg3+ 35. Kxg3 Rxe1 36.
b4 Kf7 37. c5 Re4 38. Bf2 Rxb4 39. h4 Ra4 40. Kh3 Rxa2 41. Kg3 Rc2 42. Bd4 a5 43.
Kf4 a4 44. Ke3 a3 45. Kd3 Rxg2 46. Kc3 a2 47. Kb3 Rh2 48. d7 Bxd7 49. Be5 Be6+ 50. Ka3 Rh1 51. Kb2 a1=Q+ 0-1

[Event "Early-Titled-Tuesday-Blitz-February-20-2024"]
[Site "Chess.com"]
[Date "2024.02.20"]
[Round "2"]
[White "AsaHoffmann"]
[Black "mr_gustavo"]
[Result "0-1"]
[WhiteElo "2337"]
[BlackElo "2721"]
[TimeControl "180+1"]
[EndTime "8:18:06 PST"]
[Termination "mr_gustavo won by resignation"]

1. d4 Nf6 2. Bg5 g6 3. Nc3 d5 4. f3 Bg7 5. e4 dxe4 6. fxe4 O-O 7. Nf3 c5 8. d5 Bg4 9. h3 Bxf3 10. Qxf3 Nbd7 11. O-O-O Ne5 12. Qf4 Ne8 13. Bh6 Bxh6 14. Qxh6 Nd6 15. h4 f6 16. Qf4 a6 17. g3 b5 18. Bh3 Qa5 19. Kb1 b4 20. Ne2 Rab8 21.
Nc1 c4 22. h5 g5 23. Be6+ Kh8 24. Qe3 Qb6 25. Qxb6 Rxb6 26. Rhe1 a5 27. Rd4 a4 28. Rf1 Rfb8 29. Bf5 b3 30. cxb3 axb3 31. a3 Ra8 32. Ne2 Nb5 33. Rc1 Nxd4 34. Nxd4 Rb7 35. Rc3 h6 36. Be6 Rb6 37. Nf5 Rd8 38. Nxe7 Kh7 39. Nf5 Re8 40. Ne3 Rd8 41. Bf5+ Kg7 42. Nxc4 Rb7 43. Nxe5 fxe5 44. Kc1 Rd6 45. Kd2 Kf6 46. Kd3 Ke7 47. Rc6 Rxc6 48. dxc6 Rc7 49. Bd7 Kd6 50.
Kc4 Ra7 51. Kxb3 Kc5 52. Kc3 Rc7 53. b4+ Kd6 54. Kc4 Ra7 55. b5 Rxa3 56. b6 Ra4+ 57. Kb5 Ra1 58. b7 Kc7 59. Kc5 Rd1 60. Kc4 Rd4+ 61.
Kc5 Rxe4 62. Kd5 Re1 63. Ke6 e4 64. Kf6 e3 65. Bg4 Rg1 66. Be2 Rxg3 67. Kg6 Rg2 68. Bc4 e2 69. Bxe2 Rxe2 70. Kxh6 g4 71. Kg7 g3 72. h6 g2 73. h7 g1=Q+ 74. Kf6 Qf2+ 0-1

[Event "Early-Titled-Tuesday-Blitz-February-20-2024"]
[Site "Chess.com"]
[Date "2024.02.20"]
[Round "2"]
[White "tuschessCM1"]
[Black "Kopytkin"]
[Result "1-0"]
[WhiteElo "2668"]
[BlackElo "2380"]
[TimeControl "180+1"]
[EndTime "8:18:06 PST"]
[Termination "tuschessCM1 won on time"]

1. b3 Nf6 2. Bb2 g6 3. Bxf6 exf6 4. Nf3 f5 5. d4 Bg7 6. g3 b6 7. Bg2 Bb7 8. O-O O-O 9. c3 Nc6 10. e3 Ne7 11. Nbd2 h6 12. h4 Kh7 13. Re1 Ng8 14. Rc1 Nf6 15. c4 Ne4 16. d5 Bb2 17. Rb1 Nc3 18.
Qc2 Nxb1 19. Qxb2 Nxd2 20. Nxd2 Re8 21. Nf3 Qe7 22. Nd4 Qe5 23. Qc1 Rac8 24. Rd1 a6 25. Nf3 Qf6 26. Ne1 c5 27. Nd3 d6 28. a4 Rc7 29. Qc2 Rce7 30. Rb1 Bc8 31. b4 Bd7 32. bxc5 bxc5 33. Rb6 Qa1+ 34. Kh2 Bxa4 35. Qd2 Rd8 36. Rxa6 Qd1 37. Qa5 Rdd7 38. Nb2 Qg4 39. Qxa4 f4 40.
exf4 Rb7 41. Nd3 Re2 42. Ra8 Rbb2 43. Nxb2 Rxf2 44. Qe8 Rxg2+ 45. Kxg2 Qe2+ 46. Qxe2 1-0

[Event "Early-Titled-Tuesday-Blitz-February-20-2024"]
[Site "Chess.com"]
[Date "2024.02.20"]
[Round "2"]
[White "jodarmarlon1985"]
[Black "Muslim_player_05"]
[Result "0-1"]
[WhiteElo "2200"]
[BlackElo "2489"]
[TimeControl "180+1"]
[EndTime "8:18:06 PST"]
[Termination "Muslim_player_05 won on time"]

1. e4 e5 2. Nf3 Nc6 3. Bb5 a6 4. Bxc6 dxc6 5. O-O Bg4 6. h3 Bh5 7. g4 Bg6 8. Nxe5 Qh4 9. Qf3 Bd6 10. Nxg6 hxg6 11.
Kg2 Ne7 12. d3 g5 13. Rh1 O-O-O 14. Nc3 Rdf8 15. d4 f6 16. Ne2 g6 17. Ng3 Kb8 18. Be3 f5 19. exf5 gxf5 20. Nxf5 Nd5 21. Nxh4 Rxf3 22.
Nxf3 Re8 23. Bxg5 Re2 24. c4 Nb4 25. h4 Nd3 26. Be3 Bf4 27. Kf1 Rxb2 28. Bxf4 Rxf2+ 29. Kg1 Rxf3 30. Be5 c5 31. h5 cxd4 32. Bxd4 Rg3+ 33.
Kf1 Rxg4 34. Ke2 Rxd4 35. h6 Ne5 36. h7 Nf7 37. h8=Q+ Nxh8 38. Rxh8+ Ka7 39. Rc1 Kb6 40. Rh7 Re4+ 41. Kd3 Re6 42. c5+ Kc6 43. Kd4 Rg6 44.
Re1 Rg4+ 45. Re4 Rg2 46. Re6+ Kb5 47. Rxc7 Rxa2 48. Rxb7+ Ka5 49. c6 Rd2+ 50. Ke5 Rc2 51. Kd6 Rc4 52. Kc7 Ka4 53. Re5 a5 0-1

[Event "Early-Titled-Tuesday-Blitz-February-20-2024"]
[Site "Chess.com"]
[Date "2024.02.20"]
[Round "2"]
[White "invisible_s0ul"]
[Black "Juicy_Fork"]
[Result "0-1"]
[WhiteElo "2198"]
[BlackElo "2486"]
[TimeControl "180+1"]
[EndTime "8:18:06 PST"]
[Termination "Juicy_Fork won by resignation"]

1. Nf3 Nf6 2. c4 g6 3. g3 Bg7 4. Bg2 O-O 5. O-O c5 6. Nc3 Nc6 7. e3 d6 8. d4 Bf5 9. a3 Ne4 10.
Nxe4 Bxe4 11. d5 Na5 12. Nd2 Bd3 13. Qa4 Bxf1 14. Bxf1 b6 15. Rb1 Qe8 16. Qc2 Nb7 17. b4 Rc8 18. Bb2 e5 19. dxe6 fxe6 20. Bxg7 Kxg7 21.
Bg2 Qf7 22. Ne4 Kg8 23. Ng5 Qe7 24. Nxe6 Rf6 25. Nf4 Qg7 26. Qe4 Rf7 27. Qd3 Kh8 28. Bd5 Re7 29. Ne6 Qe5 30. Nf4 cxb4 31. axb4 a5 32.
bxa5 Nc5 33. Qe2 bxa5 34. Qg4 Rf8 35. Qh4 Qf6 36. Qh3 a4 37. Qg2 a3 38. Qf1 a2 39. Ra1 g5 40. Nh5 Qg6 41. g4 Nd3 42. Rxa2 Ne5 43. Ng3 Nxg4 44. Re2 Nxe3 45. Qg2 Nxg2 46.
Kxg2 Rxe2 47. Nxe2 Qc2 0-1

[Event "Early-Titled-Tuesday-Blitz-February-20-2024"]
[Site "Chess.com"]
[Date "2024.02.20"]
[Round "2"]
[White "Predator0608"]
[Black "MatthewG-p4p"]
[Result "0-1"]
[WhiteElo "2588"]
[BlackElo "2877"]
[TimeControl "180+1"]
[EndTime "8:18:07 PST"]
[Termination "MatthewG-p4p won by resignation"]

1. e4 e6 2. d4 d5 3. Nd2 a6 4. Ngf3 Nf6 5. e5 Nfd7 6. Be2 c5 7.
c3 Nc6 8. O-O Be7 9. Nb3 O-O 10.
Ne1 f6 11. exf6 Nxf6 12. Nxc5 Bxc5 13. dxc5 e5 14. Nc2 Be6 15. Re1 Qe7 16. b4 Rad8 17.
a3 Ne4 18. Bf3 Nxc3 19. Qd2 e4 20. Qxc3 exf3 21. Nd4 Nxd4 22. Qxd4 Qf7 23. Bb2 Rde8 24. Re3 Qg6 25. g3 Rf7 26. Rae1 Qf5 27. Qd3 Qg4 28.
Bd4 Ree7 29. Bb2 Qh3 30. Qf1 Qh5 31. Re5 Qg4 32. h3 Qg6 33. Kh2 Qh6 34. h4 Qg6 35.
Bc1 Re8 36. Bg5 Rf5 37. Rxf5 Qxf5 38. Re3 d4 39. Re1 d3 40. Rd1 Bc4 41. Re1 Re2 42. Rc1 d2 43. Rxc4 Re1 44. Rc1 dxc1=Q 0-1

[Event "Early-Titled-Tuesday-Blitz-February-20-2024"]
[Site "Chess.com"]
[Date "2024.02.20"]
[Round "2"]
[White "WilsonPalencia21"]
[Black "bangchess21"]
[Result "0-1"]
[WhiteElo "2540"]
[BlackElo "2771"]
[TimeControl "180+1"]
[EndTime "8:18:07 PST"]
[Termination "bangchess21 won on time"]

1. d4 a6 2. c4 b5 3. Nd2 Bb7 4. e3 Nf6 5. Ngf3 bxc4 6. Bxc4 e6 7. O-O Be7 8. b3 O-O 9. Bb2 a5 10. a3 d6 11. Qc2 Nbd7 12. e4 Nb6 13. Bd3 g6 14.
Rac1 Rc8 15. Rfe1 Nfd7 16. Nc4 Nxc4 17. bxc4 Bf6 18. Rb1 Rb8 19. Bc3 c5 20. d5 Bxc3 21.
Qxc3 Qc7 22. Rb5 Ra8 23. dxe6 fxe6 24. Ng5 Rfe8 25. f4 Bc6 26. Rbb1 Qd8 27. h4 h6 28. Nf3 e5 29. Qd2 Kg7 30. h5 exf4 31. hxg6 Qf6 32. e5 Nxe5 33. Nxe5 Rxe5 34. Rxe5 dxe5 35.
Rb6 Rd8 36. Qe2 Qd6 37. Kh2 e4 38.
Qb2+ Qd4 39. Rb7+ Bxb7 40. Qxb7+ Rd7 41. Qxe4 Qxe4 42. Bxe4 Rd4 0-1

[Event "Early-Titled-Tuesday-Blitz-February-20-2024"]
[Site "Chess.com"]
[Date "2024.02.20"]
[Round "2"]
[White "PositionalPanther"]
[Black "RianKapriaga"]
[Result "1-0"]
[WhiteElo "2515"]
[BlackElo "2262"]
[TimeControl "180+1"]
[EndTime "8:18:07 PST"]
[Termination "PositionalPanther won on time"]

1. Nf3 Nf6 2. g3 b6 3. Bg2 Bb7 4. O-O d6 5. c4 Nbd7 6. b3 g6 7. Bb2 Bg7 8. d4 O-O 9. Nc3 e5 10. Qd2 exd4 11. Nxd4 Bxg2 12. Kxg2 Qc8 13. Kg1 Ne5 14.
Nd5 Qh3 15. Nxf6+ Bxf6 16. Nf3 Nxf3+ 17. exf3 Bxb2 18. Qxb2 Rfe8 19. Rfe1 Re6 20. Re4 Rae8 21. Rae1 Qf5 22. Qe2 c6 23. Kg2 d5 24. cxd5 cxd5 25. Re3 h5 26. h4 a5 27. Qd2 Kh7 28. Qd4 b5 29. R1e2 b4 30. Qc5 Rxe3 31. Rxe3 Rxe3 32. fxe3 Qd3 33. Kf2 Qd2+ 34. Kf1 Kh6 35. Qd4 Qxd4 36.
exd4 g5 37. Ke2 f6 38. Ke3 Kg6 39. f4 Kf5 40. Kf3 1-0

[Event "Early-Titled-Tuesday-Blitz-February-20-2024"]
[Site "Chess.com"]
[Date "2024.02.20"]
[Round "2"]
[White "ElephantChessGenius"]
[Black "MKlose11"]
[Result "0-1"]
[WhiteElo "2312"]
[BlackElo "2628"]
[TimeControl "180+1"]
[EndTime "8:18:09 PST"]
[Termination "MKlose11 won by resignation"]

1. e4 e6 2. d3 d5 3. Nd2 Nf6 4. g3 Be7 5. Bg2 O-O 6. Ngf3 c5 7. O-O Nc6 8. e5 Nd7 9. Qe2 b5 10. Re1 a5 11. h4 Ba6 12. Nf1 b4 13. Ne3 Nd4 14.
Nxd4 cxd4 15. Ng4 Rc8 16. Bf4 Nc5 17. h5 Na4 18. b3 Nc3 19. Qd2 Nb5 20. h6 g6 21.
Rac1 Na3 22. Kh2 Rc7 23. Re2 Qa8 24. Nf6+ Kh8 25. Bg5 Qd8 26. Qf4 Nb5 27. Rd2 Bb7 28.
Bh3 Bc8 29. Bg4 Bb7 30. Kg2 Nc3 31. Ra1 a4 32. Qxd4 a3 33. Kh2 Nb5 34. Qf4 d4 35.
Ne4 Bxe4 36. Bxe7 Qxe7 37. Qxe4 Qg5 38. Qf4 Qxf4 39. gxf4 Rfc8 40. Rc1 Nc3 41. Ra1 Kg8 42.
Kg3 Kf8 43. Bf3 Ke7 44. Bg2 Rc5 45. Bf3 f6 46. exf6+ Kxf6 47. Bb7 R8c7 48. Bf3 e5 49. fxe5+ Rxe5 50. Bg4 Rec5 51. Bf3 Kg5 52. Bg2 Kxh6 53.
Bf3 Kg5 54. Bg2 h5 55. f4+ Kf6 56. Bh3 Nd5 57. Re1 Ne3 58. Rde2 Rxc2 59. Rxe3 dxe3 60.
Rxe3 Re7 61. Rf3 Rxa2 62. d4 Rd2 63. f5 g5 0-1